 Dungeon Crawl Stone Soup version 0.27.1-4-g1640c2035a (webtiles) character file.

Game seed: 521326282237736446

142 tizbic2 the Stinger (level 5, -2/37 HPs)
             Began as a Gnoll Venom Mage on Nov 13, 2021.
             Was a Follower of Elyvilon.
             Slain by a black bear (3 damage)
             ... on level 4 of the Dungeon.
             The game lasted 00:25:27 (3983 turns).

tizbic2 the Stinger (Gnoll Venom Mage)              Turns: 3983, Time: 00:25:28

Health: -2/37      AC:  7    Str:  8    XL:     5   Next: 24%
Magic:  12/12      EV:  8    Int: 15    God:    Elyvilon [*.....]
Gold:   72         SH:  4    Dex: 12    Spells: 11/14 levels left

rFire    . . .     SeeInvis .   i - staff of conjuration
rCold    . . .     Faith    .   h - +0 buckler
rNeg     . . .     Spirit   .   r - +0 scale mail
rPois    +         Reflect  .   (no helmet)
rElec    .         Harm     .   (no cloak)
rCorr    .         Rampage  .   (no gloves)
Will     .....                  n - +0 pair of boots
Stlth    +.........             (no amulet)
HPRegen  0.12/turn              a - ring of poison resistance
MPRegen  0.13/turn              (no ring)

@: mighty
A: fangs 1, strong nose, distributed training, subdued magic 1
a: Renounce Religion, Lesser Healing, Divine Protection


You were on level 4 of the Dungeon.
You worshipped Elyvilon.
Elyvilon was aware of your devotion.
You visited 1 branch of the dungeon, and saw 4 of its levels.

You collected 117 gold pieces.
You spent 45 gold pieces at shops.

Inventory:

Hand Weapons
 e - a +1 dagger of venom
 g - a +0 mace
 t - a +0 morningstar
Missiles
 j - 19 poisoned darts (quivered)
 l - 30 arrows
Armour
 d - a +0 ring mail
 h - a +0 buckler (worn)
 n - a +0 pair of boots (worn)
 q - a +0 chain mail
 r - a +0 scale mail (worn)
Magical Staves
 i - a staff of conjuration (weapon)
Jewellery
 a - a ring of poison resistance (left hand)
Scrolls
 b - a scroll of vulnerability {unknown}
 c - 5 scrolls of identify
 f - a scroll of torment {unknown}
 k - 2 scrolls of teleportation
 m - a scroll of fear {unknown}
 s - a scroll of enchant weapon {unknown}
Potions
 o - a potion of might
 p - a potion of curing {unknown}
 u - a potion of brilliance {unknown}


   Skills:
 + Level 1.4 Fighting
 + Level 1.4 Short Blades
 + Level 1.4 Long Blades
 + Level 1.4 Axes
 + Level 1.4 Maces & Flails
 + Level 1.4 Polearms
 + Level 1.4 Staves
 + Level 1.4 Slings
 + Level 1.4 Bows
 + Level 1.4 Crossbows
 + Level 1.4 Throwing
 + Level 1.4 Armour
 + Level 4.7 Dodging
 + Level 4.4 Stealth
 + Level 1.4 Shields
 + Level 1.4 Unarmed Combat
 + Level 5.2 Spellcasting
 + Level 1.1 Conjurations
 + Level 1.1 Hexes
 + Level 1.1 Summonings
 + Level 1.1 Necromancy
 + Level 1.1 Translocations
 + Level 2.3 Transmutations
 + Level 1.1 Fire Magic
 + Level 1.1 Ice Magic
 + Level 1.1 Air Magic
 + Level 1.1 Earth Magic
 + Level 5.5 Poison Magic
 + Level 1.6 Invocations
 + Level 1.4 Evocations


You had 11 spell levels left.
You knew the following spells:

 Your Spells              Type           Power      Damage    Failure   Level
a - Sting                 Tmut/Pois      48%        1d5       34%         1
b - Poisonous Vapours     Pois/Air       20%        N/A       58%         2

Your spell library contained the following spells:

 Spells                   Type           Power      Damage    Failure   Level
 Beastly Appendage        Tmut           16%        N/A       58%         1
 Wereblood                Tmut           8%         N/A       73%         2
 Spider Form              Tmut/Pois      6%         N/A       73%         3
 Corona                   Hex            5%         N/A       77%         1
 Ensorcelled Hibernation  Hex/Ice        10%        N/A       88%         2
 Mephitic Cloud           Conj/Pois/Air  13%        N/A       89%         3
 Olgreb's Toxic Radiance  Pois           15%        N/A       89%         4
 Frozen Ramparts          Ice            10%        1d3       98%         3
 Tukima's Dance           Hex            5%         N/A       98%         3
 Ice Form                 Ice/Tmut       7%         N/A       100%        4
 Summon Ice Beast         Ice/Summ       5%         N/A       100%        4


Dungeon Overview and Level Annotations

Branches:
Dungeon (4/15)
 Temple: D:4-7

Altars:
Elyvilon

Shops:
D:2 [=!?


Innate Abilities, Weirdness & Mutations

You have very sharp teeth.
Your uncanny sense of smell can sniff out nearby items.
Your experience applies equally to all skills.
Your spells are a little easier to cast, but a little less powerful.


Message History

You throw a poisoned dart.
The poisoned dart barely misses the black bear.
Throw: 22 darts (poison)
Press: ? - help, Q - select action, (/) - cycle Shift-Dir - straight line, f/p - black bear
Aim: a black bear (lightly wounded, poisoned, 62% to hit)
You throw a poisoned dart. The poisoned dart hits the black bear.
The black bear looks even sicker.
The black bear is lightly wounded.
Throw: 21 darts (poison)
Press: ? - help, Q - select action, (/) - cycle Shift-Dir - straight line, f/p - black bear
Aim: a black bear (moderately wounded, very poisoned, 64% to hit)
You throw a poisoned dart. The poisoned dart hits the black bear.
The black bear looks even sicker.
The black bear is moderately wounded.
The black bear closely misses you. The black bear claws you.
The black bear closely misses you.
Throw: 20 darts (poison)
Press: ? - help, Q - select action, (/) - cycle Shift-Dir - straight line, f/p - black bear
Aim: a black bear (severely wounded, very poisoned, 64% to hit)
You throw a poisoned dart.
The poisoned dart barely misses the black bear.
The black bear bites you. You block the black bear's attack.
The black bear claws you but does no damage.
You hit the black bear.
You bite the black bear, but do no damage.
The black bear is severely wounded.
The black bear goes berserk!
The black bear bites you. The black bear completely misses you.
The black bear claws you. The black bear bites you!
The black bear claws you. x2
The black bear bites you!
* * * LOW HITPOINT WARNING * * *
The black bear claws you.
* * * LOW HITPOINT WARNING * * *
The black bear claws you but does no damage.
It was a potion of might.
You feel very mighty all of a sudden.
The black bear bites you but does no damage.
The black bear claws you.
You die...

.......####### #.# .# .#.....#
#.# .# .###.### ######.# .#
.###.# #..<...# .# .....#
###########.###### .#
.#########........(. .#
.............# ## .#
.###########.###############.#
## #.#..@h..........(# #
#.#.############.## # #.#.#
#.# # #...# #(## ##### #..#
##.## ##.### ##(.# ##..


You could see a black bear (berserk, poisoned).

Vanquished Creatures
  An orc wizard (D:3)
  A howler monkey skeleton (D:4)
  5 adders (D:2)
  2 dart slugs (D:1)
  4 orcs
  5 endoplasms
  4 giant cockroaches
  9 goblins
  2 hobgoblins
  4 kobolds
  2 quokkas
  5 ball pythons
  3 bats
  3 frilled lizards
  3 rats
53 creatures vanquished.

Notes
Turn   | Place    | Note
-------+----------+-------------------------------------------
     0 | D:1      | tizbic2 the Gnoll Venom Mage began the quest for the Orb.
     0 | D:1      | Reached XP level 1. HP: 13/13 MP: 6/6
   195 | D:1      | Found a faded altar of an unknown god.
   208 | D:1      | Became a worshipper of Elyvilon the Healer
   208 | D:1      | Reached * piety under Elyvilon
   271 | D:1      | Reached XP level 2. HP: 19/19 MP: 7/7
   295 | D:1      | Was placed under penance by Elyvilon
   515 | D:1      | Learned a level 2 spell: Poisonous Vapours
   582 | D:2      | Found Jaevvew's Armour Shoppe.
   602 | D:2      | Reached XP level 3. HP: 21/25 MP: 2/9
   810 | D:2      | Reached skill level 5 in Spellcasting
   817 | D:2      | Found Foerepla's Distillery.
   826 | D:2      | Found Keluf's Magic Scroll Shop.
   896 | D:2      | Reached skill level 1 in Invocations
  1461 | D:2      | Reached skill level 1 in Fighting
  1461 | D:2      | Reached skill level 1 in Short Blades
  1461 | D:2      | Reached skill level 1 in Long Blades
  1461 | D:2      | Reached skill level 1 in Axes
  1461 | D:2      | Reached skill level 1 in Maces & Flails
  1461 | D:2      | Reached skill level 1 in Polearms
  1461 | D:2      | Reached skill level 1 in Staves
  1461 | D:2      | Reached skill level 1 in Slings
  1461 | D:2      | Reached skill level 1 in Bows
  1461 | D:2      | Reached skill level 1 in Crossbows
  1461 | D:2      | Reached skill level 1 in Throwing
  1461 | D:2      | Reached skill level 1 in Armour
  1461 | D:2      | Reached skill level 1 in Shields
  1461 | D:2      | Reached skill level 1 in Unarmed Combat
  1461 | D:2      | Reached skill level 1 in Evocations
  1461 | D:2      | Reached XP level 4. HP: 22/32 MP: 11/11
  2001 | D:2      | Found Mammigum's Jewellery Emporium.
  2024 | D:2      | Bought a +0 pair of boots for 45 gold pieces
  2218 | D:3      | Was forgiven by Elyvilon
  2388 | D:3      | Reached skill level 1 in Conjurations
  2388 | D:3      | Reached skill level 1 in Hexes
  2388 | D:3      | Reached skill level 1 in Summonings
  2388 | D:3      | Reached skill level 1 in Necromancy
  2388 | D:3      | Reached skill level 1 in Translocations
  2388 | D:3      | Reached skill level 1 in Fire Magic
  2388 | D:3      | Reached skill level 1 in Ice Magic
  2388 | D:3      | Reached skill level 1 in Air Magic
  2388 | D:3      | Reached skill level 1 in Earth Magic
  2637 | D:2      | Reached XP level 5. HP: 28/36 MP: 10/12
  3645 | D:4      | Gained mutation: Your magical capacity is low. (-10% MP)
                  | [potion of mutation]
  3645 | D:4      | Gained mutation: Armour fits poorly on your strangely
                  | shaped body. [potion of mutation]
  3645 | D:4      | Lost mutation: Your magical capacity is low. (-10% MP)
                  | [potion of mutation]
  3645 | D:4      | Gained mutation: You are robust. (+10% HP) [potion of
                  | mutation]
  3646 | D:4      | Lost mutation: Armour fits poorly on your strangely shaped
                  | body. [potion of mutation]
  3646 | D:4      | Lost mutation: You are robust. (+10% HP) [potion of
                  | mutation]
  3646 | D:4      | Gained mutation: Your spells are a little easier to cast,
                  | but a little less powerful. [potion of mutation]
  3955 | D:4      | Noticed a black bear
  3982 | D:4      | HP: 1/37 [black bear (3)]
  3983 | D:4      | Slain by a black bear

Illustrated notes

Levels and vault maps discovered:
D:1:      mainiacjoe_arrival_reflecting_pool, layout_rooms,
          dreamdust_ecumenical_altar_grove
D:2:      layout_loops_ring, serial_shops, shop, shop, shop, nicolae_shop_stone,
          hangedman_decor_riveting, palyth_stone_intersect
D:3:      layout_basic
D:4:      black_bear_nest_1, layout_loops_ring, tgw_sif,
          kennysheep_generic_room_2

Skill      XL: |  1  2  3  4 |
---------------+-------------+-----
Transmutations | 2 |  2.3
Spellcasting   | 5 |  5.2
Invocations    | 1 |  1.6
Fighting       | 1 |  1.4
Short Blades   | 1 |  1.4
Long Blades    | 1 |  1.4
Axes           | 1 |  1.4
Maces & Flails | 1 |  1.4
Polearms       | 1 |  1.4
Staves         | 1 |  1.4
Slings         | 1 |  1.4
Bows           | 1 |  1.4
Crossbows      | 1 |  1.4
Throwing       | 1 |  1.4
Armour         | 1 |  1.4
Shields        | 1 |  1.4
Unarmed Combat | 1 |  1.4
Evocations     | 1 |  1.4
Conjurations   | 1 |  1.1
Hexes          | 1 |  1.1
Summonings     | 1 |  1.1
Necromancy     | 1 |  1.1
Translocations | 1 |  1.1
Fire Magic     | 1 |  1.1
Ice Magic      | 1 |  1.1
Air Magic      | 1 |  1.1
Earth Magic    | 1 |  1.1
Dodging        | |  4.7
Stealth        | |  4.4
Poison Magic   | |  5.5

Action                   |  1- 3 |  4- 6 || total
-------------------------+-------+-------++-------
Melee: Club              |     9 |       ||     9
       Unarmed           |     4 |       ||     4
       Bite              |     6 |    14 ||    20
       Dagger            |    12 |       ||    12
       Mace              |    10 |       ||    10
       Staff             |    42 |   151 ||   193
Throw: Dart              |     4 |    23 ||    27
 Cast: Sting             |    11 |    16 ||    27
       Poisonous Vapours |     6 |     1 ||     7
  Use: Potion            |     1 |     3 ||     4
       Scroll            |       |     2 ||     2
 Stab: Sleeping          |     3 |       ||     3
Armor: Robe              |     7 |       ||     7
       Ring mail         |     2 |    56 ||    58
       Scale mail        |       |    16 ||    16
Dodge: Dodged            |    57 |    93 ||   150
Block: Buckler           |     7 |    37 ||    44
